[Event "Titled Tuesday Blitz April 19 Late 2022"]
[White "Solon, Nathan"]
[Black "Melikhov, Evgeny V."]
[WhiteFideId "2017229"]
[BlackFideId "4122046"]
[WhiteElo "2555"]
[BlackElo "1931"]
[Result "0-1"]
[Round "10"]
[TimeControl "180+1"]
[Date "2022.04.19"]
[WhiteClock "0:00:40"]
[BlackClock "0:00:26"]

1. e4 e5 2. Nf3 Nc6 3. Bc4 Nf6 4. d4 exd4 5. O-O Nxe4 6. Re1 d5 7. Bxd5 Qxd5 8. Nc3 Qa5 9. Nxe4 Be6 10. Bg5 Bb4 11. Re2 O-O 12. a3 Be7 13. Bxe7 Nxe7 14. Qxd4 Rad8 15. Qc5 Nc6 16. b4 Qxc5 17. Nxc5 Bc8 18. h3 b6 19. Nb3 Be6 20. Re3 Bxb3 21. Rxb3 Nd4 22. Nxd4 Rxd4 23. Rc3 Rd7 24. Re1 Rfd8 25. Re4 Kf8 26. Rec4 Rc8 27. Rc6 Ke7 28. g4 Kd8 29. Kg2 Rd6 30. Rxd6+ cxd6 31. Rxc8+ Kxc8 32. Kf3 b5 33. Ke4 Kc7 34. Kd5 Kd7 35. f4 h6 36. f5 Kc7 37. h4 Kd7 38. g5 h5 39. g6 fxg6 40. fxg6 Ke7 41. Kc6 Kf6 42. Kxb5 Kxg6 43. c4 Kf7 44. c5 dxc5 45. bxc5 Ke7 46. Kc6 g5 47. hxg5 h4 48. g6 h3 49. g7 Kf7 50. Kd7 h2 51. c6 h1=Q 52. c7 Qb7 53. Kd8 Qd5+ 0-1


[Site "https://www.chess.com"]

[Event "Titled Tuesday Blitz April 19 Late 2022"]
[White "Stanisz, Patryk"]
[Black "Baker, Chris W"]
[WhiteFideId "1123106"]
[BlackFideId "401676"]
[WhiteElo "1833"]
[BlackElo "2242"]
[Result "0-1"]
[Round "10"]
[TimeControl "180+1"]
[Date "2022.04.19"]
[WhiteClock "0:00:06"]
[BlackClock "0:01:16"]

1. d4 Nf6 2. c4 e6 3. Nc3 Bb4 4. e3 c5 5. Ne2 b6 6. a3 Ba5 7. Rb1 Na6 8. Bd2 O-O 9. d5 exd5 10. cxd5 d6 11. Ng3 Re8 12. Bd3 Bb7 13. Qe2 Bxc3 14. bxc3 Nc7 15. c4 b5 16. O-O bxc4 17. Bxh7+ Nxh7 18. Rxb7 Nxd5 19. Qxc4 Ne7 20. Nf5 Nf6 21. Bc3 Nxf5 22. Qxf7+ Kh8 23. g4 Re7 24. Rxe7 Qxe7 25. Qg6 Nh4 26. Rb1 0-1


[Site "https://www.chess.com"]

[Event "Titled Tuesday Blitz April 19 Late 2022"]
[White "Tsukerman, Julia"]
[Black "Zong, Davis"]
[WhiteFideId "2621649"]
[BlackFideId "30903955"]
[WhiteElo "2234"]
[BlackElo "2061"]
[Result "0-1"]
[Round "10"]
[TimeControl "180+1"]
[Date "2022.04.19"]
[WhiteClock "0:01:09"]
[BlackClock "0:00:28"]

1. e4 c5 2. Nf3 d6 3. d4 cxd4 4. Nxd4 Nf6 5. Nc3 a6 6. Be3 e6 7. f3 Be7 8. Qd2 Qc7 9. O-O-O b5 10. Kb1 O-O 11. g4 b4 12. Nce2 d5 13. g5 Nfd7 14. exd5 exd5 15. h4 Ne5 16. Nf4 Bb7 17. Be2 Nc4 18. Bxc4 dxc4 19. Nf5 Nc6 20. Nd5 Qe5 21. Nfxe7+ Nxe7 22. Nxe7+ Qxe7 23. Qf2 Rfc8 24. Bd4 c3 25. b3 a5 26. Rhe1 Qc7 27. Be5 Qc6 28. f4 a4 29. Rd6 Qb5 30. Rc1 axb3 31. cxb3 Be4+ 32. Ka1 c2 33. Qd4 Rxa2+ 0-1


[Site "https://www.chess.com"]

[Event "Titled Tuesday Blitz April 19 Late 2022"]
[White "Urazayev, Arystanbek"]
[Black "Herrera Reyes, Jose Antonio"]
[WhiteFideId "13709810"]
[BlackFideId "2274914"]
[WhiteElo "2422"]
[BlackElo "2361"]
[Result "0-1"]
[Round "10"]
[TimeControl "180+1"]
[Date "2022.04.19"]
[WhiteClock "0:00:01"]
[BlackClock "0:00:26"]

1. d4 Nf6 2. c4 c5 3. d5 b5 4. cxb5 a6 5. bxa6 g6 6. Nc3 Bg7 7. e4 O-O 8. e5 Ne8 9. h4 d6 10. e6 fxe6 11. h5 Bxa6 12. hxg6 Bxf1 13. Kxf1 Nf6 14. Bg5 Nbd7 15. dxe6 Ne5 16. gxh7+ Kh8 17. Nf3 Nxf3 18. Qxf3 Qb6 19. Qe2 Ng4 20. f3 Rf5 21. Bxe7 Re8 22. Rh4 Ne3+ 23. Qxe3 Qxb2 24. Rb1 Qc2 25. Rc1 Qb2 26. Bxd6 Rxe6 27. Ne4 Bd4 28. Qe1 Rg6 29. Bg3 Qxa2 30. Bf2 Rf8 31. Bxd4+ cxd4 32. Qd2 Qa6+ 33. Kg1 Qa7 34. Nf2 Rd6 35. Qd3 Re8 36. Rd1 Re3 37. Qf5 Qe7 38. Rg4 Rh6 39. Nh3 Rxh7 0-1


[Site "https://www.chess.com"]

[Event "Titled Tuesday Blitz April 19 Late 2022"]
[White "Vasquez Schroeder, Rodrigo"]
[Black "Jobava, Baadur"]
[WhiteFideId "3400042"]
[BlackFideId "13601520"]
[WhiteElo "2561"]
[BlackElo "2617"]
[Result "0-1"]
[Round "10"]
[TimeControl "180+1"]
[Date "2022.04.19"]
[WhiteClock "0:00:22"]
[BlackClock "0:01:02"]

1. e4 e6 2. d4 d5 3. Nc3 dxe4 4. Nxe4 Bd7 5. Nf3 Bc6 6. Neg5 Nd7 7. Nxf7 Kxf7 8. Ng5+ Ke7 9. Bc4 Nb6 10. Nxe6 Qe8 11. Bb3 Bxg2 12. Rg1 Qc6 13. Ng5 Nh6 14. Qe2+ Kd7 15. Be6+ Kd8 16. f3 Bb4+ 17. Kf2 Bxf3 18. Nxf3 Re8 19. Bg5+ Be7 20. d5 Qc4 21. Qxc4 Nxc4 22. b3 Nd6 23. Ne5 Bxg5 24. Rxg5 Ne4+ 0-1


[Site "https://www.chess.com"]

[Event "Titled Tuesday Blitz April 19 Late 2022"]
[White "Vujic, Mihailo"]
[Black "Rosen, Eric"]
[WhiteFideId "918873"]
[BlackFideId "2032562"]
[WhiteElo "2256"]
[BlackElo "2362"]
[Result "0-1"]
[Round "10"]
[TimeControl "180+1"]
[Date "2022.04.19"]
[WhiteClock "0:00:02"]
[BlackClock "0:00:04"]

1. e4 e5 2. Bc4 Nc6 3. d3 Nf6 4. Nc3 Na5 5. f4 Nxc4 6. dxc4 d6 7. fxe5 Ng4 8. Nf3 Nxe5 9. Nxe5 dxe5 10. Qxd8+ Kxd8 11. Be3 c6 12. O-O-O+ Kc7 13. c5 Be6 14. Rd2 Be7 15. Nd5+ cxd5 16. exd5 Bxd5 17. Rxd5 f6 18. Rhd1 Rhd8 19. c4 a5 20. Kc2 Kc6 21. Kb3 h5 22. Ka4 g6 23. a3 f5 24. Rxd8 Rxd8 25. Rxd8 Bxd8 26. b4 axb4 27. axb4 f4 28. b5+ Kd7 29. Bd2 g5 30. Kb3 Be7 31. Bb4 Kc8 32. Kc2 e4 33. Kd2 b6 34. Ke2 bxc5 35. Bc3 Bd6 36. Bf6 g4 37. Bg5 f3+ 38. gxf3 exf3+ 39. Kf2 Bxh2 40. Be7 Bc7 41. Bxc5 Kb7 42. Bd4 Bf4 43. c5 Kc7 44. c6 Bd6 45. Be3 Bb4 46. Bf4+ Kb6 47. c7 Kb7 48. Kg3 Bc5 49. Bd2 Bb6 50. Bf4 Bxc7 0-1


[Site "https://www.chess.com"]

[Event "Titled Tuesday Blitz April 19 Late 2022"]
[White "Yedidia, Daniel"]
[Black "Ivanisevic, Ivan"]
[WhiteFideId "30905907"]
[BlackFideId "912417"]
[WhiteElo "2638"]
[BlackElo "2495"]
[Result "0-1"]
[Round "10"]
[TimeControl "180+1"]
[Date "2022.04.19"]
[WhiteClock "0:01:32"]
[BlackClock "0:02:01"]

1. d4 Nf6 2. c4 e6 3. Nc3 Bb4 4. e3 c5 5. Ne2 b6 6. a3 Ba5 7. Rb1 Na6 8. d5 O-O 9. Nf4 Ne4 10. Bd2 Bxc3 11. Bxc3 Nxc3 12. bxc3 e5 13. Nh5 d6 14. Bd3 Nc7 15. Ng3 Ne8 16. h4 f5 17. h5 Bd7 18. h6 g6 19. Qe2 Qg5 20. Kf1 Nf6 21. f3 Qxg3 0-1


[Site "https://www.chess.com"]

[Event "Titled Tuesday Blitz April 19 Late 2022"]
[White "Yoo, Christopher Woojin"]
[Black "Lewtak, Damian"]
[WhiteFideId "30909694"]
[BlackFideId "1141724"]
[WhiteElo "2105"]
[BlackElo "2362"]
[Result "1-0"]
[Round "10"]
[TimeControl "180+1"]
[Date "2022.04.19"]
[WhiteClock "0:00:30"]
[BlackClock "0:01:20"]

1. e4 c5 2. Nf3 d6 3. d4 cxd4 4. Nxd4 Nf6 5. Nc3 Nc6 6. Bg5 e6 7. Qd3 a6 8. O-O-O Bd7 9. Nxc6 Bxc6 10. f4 Be7 11. Qg3 h6 12. Bxf6 gxf6 13. Qg7 Rf8 14. Qxh6 Qa5 15. Bd3 Kd7 16. Qh3 b5 17. Kb1 Rh8 18. Qe3 b4 19. Ne2 Kc7 20. f5 e5 21. Bc4 Rh7 22. Bd5 Qb6 23. Qf3 a5 24. c3 Rb8 25. Bxc6 bxc3 26. Qxc3 Qxc6 27. Qxa5+ Kd7 28. Nc3 Bd8 29. Qd5 Qb6 30. Rd2 Be7 31. Qc4 Qb4 32. Qd3 Bd8 33. Nd5 Qb5 34. Qxb5+ Rxb5 35. h3 Rc5 36. Rc2 1-0


[Site "https://www.chess.com"]

[Event "Titled Tuesday Blitz April 19 Late 2022"]
[White "Zhao, Jun"]
[Black "Wagner, Dennis"]
[WhiteFideId "8602522"]
[BlackFideId "24650684"]
[WhiteElo "2547"]
[BlackElo "2355"]
[Result "0-1"]
[Round "10"]
[TimeControl "180+1"]
[Date "2022.04.19"]
[WhiteClock "0:00:03"]
[BlackClock "0:00:07"]

1. d4 Nf6 2. c4 e6 3. Nf3 d5 4. Nc3 c6 5. e3 Nbd7 6. Qc2 Bd6 7. Bd2 O-O 8. a3 Qe7 9. h3 Re8 10. O-O-O dxc4 11. Bxc4 b5 12. Bd3 a5 13. Ne4 b4 14. a4 c5 15. Kb1 Bb7 16. Nxd6 Qxd6 17. dxc5 Nxc5 18. Bc1 Nxd3 19. Rxd3 Qb6 20. Nd2 Rac8 21. Qd1 Ne4 22. Qe2 Nxd2+ 23. Rxd2 Be4+ 24. Ka1 Qc6 25. b3 Qc3+ 26. Rb2 Red8 27. f3 Bc2 28. Ka2 Rd3 29. Ka1 Rd7 30. Ka2 Rd3 31. Ka1 Qc6 32. Ka2 Bxb3+ 33. Kb1 Rc3 34. Bd2 Bc2+ 0-1


[Site "https://www.chess.com"]

[Event "Titled Tuesday Blitz April 19 Late 2022"]
[White "Zlatin, Alexander"]
[Black "Sernecki, Franciszek"]
[WhiteFideId "2810549"]
[BlackFideId "1169297"]
[WhiteElo "2228"]
[BlackElo "2165"]
[Result "0-1"]
[Round "10"]
[TimeControl "180+1"]
[Date "2022.04.19"]
[WhiteClock "0:01:52"]
[BlackClock "0:02:14"]

1. c4 Nf6 2. g3 e6 3. Bg2 d5 4. Nf3 dxc4 5. O-O c5 6. Qa4+ Bd7 7. Qxc4 Nc6 8. Nc3 Be7 9. d3 O-O 10. Bf4 Rc8 11. Rac1 Na5 12. Ne5 Nxc4 13. dxc4 Bc6 14. Bh3 Qb6 15. b3 Rfd8 0-1


[Site "https://www.chess.com"]

[Event "Titled Tuesday Blitz April 19 Late 2022"]
[White "Aigner, Michael"]
[Black "Derraugh, Geordie"]
[WhiteFideId "2017288"]
[BlackFideId "2603950"]
[WhiteElo "2401"]
[BlackElo "2116"]
[Result "0-1"]
[Round "11"]
[TimeControl "180+1"]
[Date "2022.04.19"]
[WhiteClock "0:00:34"]
[BlackClock "0:00:58"]

1. e4 c5 2. Nc3 g6 3. g3 Bg7 4. Bg2 Nc6 5. d3 e6 6. f4 Nge7 7. Nf3 d5 8. e5 O-O 9. O-O h5 10. Bd2 Nf5 11. Ne2 Qb6 12. Rb1 c4+ 13. Kh1 cxd3 14. cxd3 Ne3 15. Bxe3 Qxe3 16. Re1 Qb6 17. b3 Bd7 18. Qd2 Rfc8 19. d4 Bf8 20. Rec1 Ba3 21. Rc2 a5 22. h3 Nb4 23. Rxc8+ Rxc8 24. g4 Rc2 25. Qe3 hxg4 26. hxg4 Rxa2 27. f5 exf5 28. gxf5 Bxf5 29. Rg1 Nc6 30. Ng3 Bg4 31. Qg5 Rxg2 32. Kxg2 Bxf3+ 33. Kxf3 Qxb3+ 34. Kg2 Nxd4 35. Qd8+ Bf8 36. Qh4 Qf3+ 37. Kh2 Qf2+ 38. Rg2 Nf3+ 39. Kh3 Qxg2+ 0-1


[Site "https://www.chess.com"]

[Event "Titled Tuesday Blitz April 19 Late 2022"]
[White "Andreikin, Dmitry"]
[Black "Nakamura, Hikaru"]
[WhiteFideId "4158814"]
[BlackFideId "2016192"]
[WhiteElo "2736"]
[BlackElo "2850"]
[Result "0-1"]
[Round "11"]
[TimeControl "180+1"]
[Date "2022.04.19"]
[WhiteClock "0:00:01"]
[BlackClock "0:00:05"]

1. d4 f5 2. Nf3 Nf6 3. Bg5 d6 4. Nbd2 Nbd7 5. e3 e5 6. dxe5 dxe5 7. Bc4 h6 8. Bh4 g5 9. Bxg5 hxg5 10. Nxg5 Nb6 11. Nf7 Qxd2+ 12. Qxd2 Nxc4 13. Qc3 Kxf7 14. Qxc4+ Be6 15. Qxc7+ Be7 16. Qxe5 Rac8 17. c3 Ng4 18. Qb5 a6 19. Qxb7 Rb8 20. Qxa6 Rxb2 21. O-O Rxh2 22. Qc6 Rh6 23. Rab1 Rd2 24. Rb7 Bd5 25. Qd7 Re6 26. Rb5 Nxe3 27. Re1 Ng4 28. Rf1 Nf6 29. Qc7 Rde2 30. c4 Rc6 31. Qf4 Bxc4 32. Rxf5 Be6 33. Re5 Bd6 34. Rxe6 Rxe6 35. Qf5 Rc5 36. Qb1 Rh5 0-1


[Site "https://www.chess.com"]

[Event "Titled Tuesday Blitz April 19 Late 2022"]
[White "Antonova, Nadezhda"]
[Black "Karwowski, Kacper"]
[WhiteFideId "14700182"]
[BlackFideId "1126032"]
[WhiteElo "1789"]
[BlackElo "2261"]
[Result "0-1"]
[Round "11"]
[TimeControl "180+1"]
[Date "2022.04.19"]
[WhiteClock "0:00:02"]
[BlackClock "0:00:03"]

1. Nf3 Nf6 2. b3 d5 3. Bb2 c5 4. e3 Nc6 5. Bb5 Bd7 6. O-O e6 7. Bxc6 Bxc6 8. Ne5 Qc7 9. f4 Be7 10. d3 b5 11. Nd2 Bb7 12. Rf3 g6 13. Ng4 Nxg4 14. Bxh8 d4 15. e4 O-O-O 16. Bg7 Ne3 17. Qc1 Bd6 18. Be5 f5 19. Bxd6 Qxd6 20. Rf2 Kb8 21. a4 b4 22. Nc4 Nxc4 23. bxc4 fxe4 24. dxe4 Bxe4 25. a5 a6 26. Qe1 Bf5 27. Rd1 h5 28. h3 Kb7 29. Qe2 Qc7 30. Rff1 h4 31. Rde1 Qxa5 32. Ra1 Qc7 33. Qf3+ Ka7 34. Qb3 Rd6 35. Qa4 Qb6 36. Rf2 Be4 37. Qe8 Qb7 38. Qf8 d3 39. Qxd6 dxc2 0-1


[Site "https://www.chess.com"]

[Event "Titled Tuesday Blitz April 19 Late 2022"]
[White "Araujo Filho, Luiz Antonio Coel"]
[Black "Omariev, Maksim"]
[WhiteFideId "2130661"]
[BlackFideId "4193423"]
[WhiteElo "2311"]
[BlackElo "2472"]
[Result "0-1"]
[Round "11"]
[TimeControl "180+1"]
[Date "2022.04.19"]
[WhiteClock "0:00:31"]
[BlackClock "0:01:48"]

1. d4 h5 2. Nf3 h4 3. e3 h3 4. gxh3 c6 5. Bg2 d5 6. Nbd2 Nf6 7. h4 Bg4 8. c3 e6 9. Qb3 b6 10. Ne5 Bf5 11. Ndf3 Bd6 12. Bd2 Nfd7 13. O-O-O Nxe5 14. dxe5 Be7 15. Rhg1 Qc7 16. Bh1 g6 17. Nd4 Qxe5 18. Nxf5 gxf5 19. h5 Rxh5 20. Rg8+ Bf8 21. Rdg1 Nd7 22. f4 Qd6 23. Qd1 Rxh2 24. Qf3 O-O-O 25. Qg3 Rh6 26. Qg5 Nf6 27. Bf3 Nxg8 0-1


[Site "https://www.chess.com"]

[Event "Titled Tuesday Blitz April 19 Late 2022"]
[White "Arnold, Ken"]
[Black "D`Arruda, Ricardo D."]
[WhiteFideId "2056836"]
[BlackFideId "100692"]
[WhiteElo "2149"]
[BlackElo "2446"]
[Result "1-0"]
[Round "11"]
[TimeControl "180+1"]
[Date "2022.04.19"]
[WhiteClock "0:00:05"]
[BlackClock "0:00:19"]

1. d4 Nf6 2. c4 e5 3. d5 e4 4. Nc3 d6 5. Bg5 Bf5 6. e3 Nbd7 7. Nge2 h6 8. Nd4 Bh7 9. Bxf6 Nxf6 10. Qb3 Qc8 11. Rc1 Nd7 12. Qc2 Nc5 13. b4 Nd3+ 14. Bxd3 exd3 15. Qd2 Be7 16. O-O O-O 17. e4 a5 18. b5 Bf6 19. Qxd3 Re8 20. Rce1 Qg4 21. h3 Qf4 22. Re3 Re7 23. Nde2 Qh4 24. f4 Rae8 25. Kh2 g5 26. g3 Qh5 27. f5 Be5 28. Kg2 g4 29. h4 f6 30. Nf4 Bxf4 31. Rxf4 Kh8 32. Re2 b6 33. Ref2 Bg8 34. Ne2 Rg7 35. Nd4 Bf7 36. Ne6 Bxe6 37. fxe6 Qe5 38. Rxf6 Ree7 39. Rf8+ Kh7 40. R8f5 Qa1 41. e5 1-0


[Site "https://www.chess.com"]

[Event "Titled Tuesday Blitz April 19 Late 2022"]
[White "Aroesti, Roee"]
[Black "Skliarov, Viktor"]
[WhiteFideId "2817144"]
[BlackFideId "14106736"]
[WhiteElo "2068"]
[BlackElo "2229"]
[Result "0-1"]
[Round "11"]
[TimeControl "180+1"]
[Date "2022.04.19"]
[WhiteClock "0:00:06"]
[BlackClock "0:00:03"]

1. e4 c5 2. Nf3 Nc6 3. d4 cxd4 4. Nxd4 Nf6 5. Nc3 e5 6. Ndb5 d6 7. Bg5 a6 8. Na3 Be7 9. Bxf6 Bxf6 10. Nd5 Bg5 11. c4 Qa5+ 12. Nc3 O-O 13. Bd3 Nd4 14. O-O Be6 15. Nd5 Bxd5 16. cxd5 b5 17. Nc2 Nxc2 18. Qxc2 Rac8 19. Qe2 Rc7 20. g3 Rfc8 21. h4 Bh6 22. Kg2 Qb4 23. Rfd1 Rc5 24. Rab1 a5 25. h5 a4 26. Qg4 R5c7 27. Qf3 Qa5 28. Kh3 b4 29. Kg2 Rc5 30. Qe2 b3 31. axb3 axb3 32. Ra1 Qb4 33. Ra7 Qb6 34. Rda1 g6 35. Qf3 Rf8 36. hxg6 hxg6 37. R1a6 Qb8 38. Ra3 Rc2 39. Qg4 Rxb2 40. Qd7 Qb6 41. Kh3 Qxf2 42. Ra8 Qg2+ 43. Kg4 Qd2 44. Rxf8+ Bxf8 45. Ra8 Qxd3 46. Qxd6 Qxe4+ 47. Kh3 Qf5+ 48. Kh4 Qh5# 0-1


[Site "https://www.chess.com"]

[Event "Titled Tuesday Blitz April 19 Late 2022"]
[White "Avramidou, Anastasia"]
[Black "Demchenko, Anton"]
[WhiteFideId "4239873"]
[BlackFideId "4160258"]
[WhiteElo "2183"]
[BlackElo "2539"]
[Result "0-1"]
[Round "11"]
[TimeControl "180+1"]
[Date "2022.04.19"]
[WhiteClock "0:00:03"]
[BlackClock "0:00:33"]

1. d4 Nf6 2. c4 d6 3. Nc3 e5 4. dxe5 dxe5 5. Qxd8+ Kxd8 6. Bg5 Be6 7. O-O-O+ Kc8 8. Bxf6 gxf6 9. e3 Nd7 10. Nd5 c6 11. Nc3 a5 12. Nge2 Bxc4 13. Ng3 Be6 14. Bd3 Kc7 15. Bc2 Bb4 16. a3 Bxc3 17. bxc3 a4 18. f4 Nb6 19. Rhf1 Nc4 20. Rde1 Nxa3 21. Bf5 Bc4 22. Rf2 Nb5 23. Ne4 a3 24. fxe5 a2 25. Kb2 fxe5 26. Nd2 Nd6 27. Bc2 Be6 28. Bd3 b5 29. Ra1 f5 30. g3 e4 31. Be2 Rhb8 32. g4 fxg4 33. Rf6 Bd5 34. Rh6 Nf5 35. Rxh7+ Kb6 36. Bxg4 Nxe3 37. Be2 Rh8 38. Rxh8 Rxh8 39. Rh1 Rh4 40. h3 Nf5 41. c4 bxc4 42. Bxc4 Nd6 43. Bxd5 cxd5 44. Kxa2 Nb5 45. Kb2 Kc5 46. Kc2 Nd4+ 47. Kc3 Ne2+ 48. Kc2 Nf4 49. Nb3+ Kd6 50. Nd4 Rxh3 51. Rf1 Rh2+ 52. Kb3 Ne2 53. Nf5+ Ke5 54. Ne3 Rh3 0-1


[Site "https://www.chess.com"]

[Event "Titled Tuesday Blitz April 19 Late 2022"]
[White "Bachmann, Axel"]
[Black "Carrasco Miranda, Andres"]
[WhiteFideId "3700488"]
[BlackFideId "3405990"]
[WhiteElo "2587"]
[BlackElo "2177"]
[Result "0-1"]
[Round "11"]
[TimeControl "180+1"]
[Date "2022.04.19"]
[WhiteClock "0:00:03"]
[BlackClock "0:00:33"]

1. d4 Nf6 2. g3 g6 3. Bg2 Bg7 4. e4 O-O 5. Ne2 c5 6. dxc5 Na6 7. O-O Nxc5 8. Nbc3 d6 9. h3 Bd7 10. g4 Bc6 11. Ng3 b5 12. e5 Bxg2 13. exf6 Bxf1 14. fxg7 Kxg7 15. Qxf1 b4 16. Nd5 a5 17. Qe2 e6 18. Nf4 e5 19. Nd5 Qh4 20. Kg2 f5 21. Bd2 f4 22. Kh2 fxg3+ 23. fxg3 Qd8 24. Qe3 Ne6 25. g5 Nd4 26. Rc1 Rf3 27. Qg1 Rc8 28. c4 Rd3 29. Be3 Nf3+ 30. Kg2 Nxg1 31. Kxg1 Rxd5 32. cxd5 Rxc1+ 33. Bxc1 Qb6+ 34. Kf1 Qb5+ 35. Ke1 Qxd5 36. b3 Qh1+ 37. Kd2 Qxh3 38. Kc2 Qxg3 39. a4 Qc3+ 40. Kb1 Qxb3+ 41. Bb2 Qxa4 42. Kc1 Qc6+ 43. Kb1 a4 44. Ka2 Qc4+ 45. Ka1 a3 46. Kb1 axb2 47. Kxb2 Qc3+ 48. Kb1 Qd2 49. Ka1 b3 50. Kb1 Qc2+ 51. Ka1 Qa2# 0-1


[Site "https://www.chess.com"]

[Event "Titled Tuesday Blitz April 19 Late 2022"]
[White "Balint, Vilmos"]
[Black "Spata, German"]
[WhiteFideId "718050"]
[BlackFideId "113026"]
[WhiteElo "2059"]
[BlackElo "2238"]
[Result "1-0"]
[Round "11"]
[TimeControl "180+1"]
[Date "2022.04.19"]
[WhiteClock "0:02:01"]
[BlackClock "0:00:18"]

1. e4 d6 2. d4 g6 3. Nc3 Bg7 4. Be3 e6 5. Qd2 a6 6. h4 h6 7. f3 b5 8. a4 b4 9. Na2 a5 10. c3 bxc3 11. bxc3 Nd7 12. Bd3 Ne7 13. h5 g5 14. Ne2 c5 15. Bb5 O-O 16. Bxg5 hxg5 17. Qxg5 f6 18. Qg4 f5 19. Qg3 f4 20. Nxf4 Rxf4 21. Qxf4 Qf8 22. Qxd6 cxd4 23. Qxe6+ Qf7 24. Bc4 Qxe6 25. Bxe6+ Kf8 26. cxd4 Bxd4 27. Rd1 Nc6 28. Bd5 Nde5 29. Rxd4 Nxd4 30. Bxa8 Ba6 31. Nc3 Nd3+ 32. Kd2 Nb3+ 33. Kc2 Nd4+ 34. Kb1 Nf2 35. Rh4 Bd3+ 36. Ka1 Nc2+ 37. Kb2 Nb4 38. Nd5 Nd1+ 39. Kb3 Bc2+ 40. Kc4 Nb2+ 41. Kb5 Bxa4+ 42. Kxa5 N4d3 43. h6 1-0


[Site "https://www.chess.com"]

[Event "Titled Tuesday Blitz April 19 Late 2022"]
[White "Bibasa, Bob"]
[Black "Jarocka, Liwia"]
[WhiteFideId "10000240"]
[BlackFideId "21807558"]
[WhiteElo "2449"]
[BlackElo "2358"]
[Result "1-0"]
[Round "11"]
[TimeControl "180+1"]
[Date "2022.04.19"]
[WhiteClock "0:02:51"]
[BlackClock "0:02:00"]

1. e4 c5 2. Nf3 d6 3. d4 cxd4 4. Nxd4 Nf6 5. f3 e5 6. Nb3 d5 7. Bg5 dxe4 8. Qxd8+ Kxd8 9. Nc3 exf3 10. O-O-O+ Bd7 11. gxf3 Be7 12. Bh3 a6 13. Bxf6 Bxf6 14. Nc5 Kc7 15. Nxd7 Rd8 16. Nxf6 gxf6 17. Rxd8 Kxd8 18. Rd1+ Kc7 19. Nd5+ Kd6 20. Nb6+ 1-0


[Site "https://www.chess.com"]

[Event "Titled Tuesday Blitz April 19 Late 2022"]
[White "Bilan, Danila"]
[Black "Bowden, Karl"]
[WhiteFideId "24161918"]
[BlackFideId "400548"]
[WhiteElo "2164"]
[BlackElo "2349"]
[Result "1-0"]
[Round "11"]
[TimeControl "180+1"]
[Date "2022.04.19"]
[WhiteClock "0:00:12"]
[BlackClock "0:00:02"]

1. d4 Nf6 2. Nf3 g6 3. Bg5 Bg7 4. c3 O-O 5. Nbd2 d5 6. e3 Bg4 7. Qc2 Bxf3 8. Nxf3 Ne4 9. Bh4 c5 10. Bd3 cxd4 11. exd4 Nf6 12. O-O Nc6 13. Rfe1 Rc8 14. Qb3 Na5 15. Qa3 e6 16. Ne5 Qc7 17. Rac1 a6 18. h3 Rfe8 19. Bg3 Qb6 20. Bf4 Nc4 21. Bxc4 dxc4 22. Qa4 Qb5 23. Qxb5 axb5 24. a3 Nd5 25. Bg3 Bh6 26. Rcd1 Bg7 27. Ng4 h5 28. Ne3 Red8 29. Nc2 Rd7 30. Ra1 Bf8 31. f3 Ra8 32. Bf2 Bd6 33. Ne3 Bf4 34. Nxd5 Rxd5 35. Re4 Bc7 36. Rae1 Rad8 37. g4 hxg4 38. hxg4 Kg7 39. Kg2 g5 40. Bg3 Bxg3 41. Kxg3 Rh8 42. Re5 Rhd8 43. f4 gxf4+ 44. Kxf4 R8d6 45. Rxd5 Rxd5 46. Re5 Rxe5 47. Kxe5 Kg6 48. Kd6 1-0


[Site "https://www.chess.com"]

[Event "Titled Tuesday Blitz April 19 Late 2022"]
[White "Bilych, Olexiy"]
[Black "Arabidze, Meri"]
[WhiteFideId "14156504"]
[BlackFideId "13604040"]
[WhiteElo "2176"]
[BlackElo "2335"]
[Result "1/2-1/2"]
[Round "11"]
[TimeControl "180+1"]
[Date "2022.04.19"]
[WhiteClock "0:00:19"]
[BlackClock "0:00:19"]

1. e4 c5 2. Nf3 e6 3. d4 cxd4 4. Nxd4 Nc6 5. Nc3 a6 6. Be2 d6 7. O-O Nf6 8. Be3 Be7 9. f4 O-O 10. Qe1 Nxd4 11. Bxd4 b5 12. Qg3 g6 13. a3 Bb7 14. Bd3 Nh5 15. Qg4 Nxf4 16. Rxf4 e5 17. Rf3 exd4 18. Nd5 Bxd5 19. exd5 Bf6 20. Raf1 Bg7 21. h4 f5 22. Qh3 Be5 23. h5 Qg5 24. g3 Ra7 25. Kg2 Rg7 26. R1f2 Re8 27. Re2 Rf8 28. Ref2 gxh5 29. Bxf5 Kh8 30. Bd3 Rxf3 31. Rxf3 Qg4 32. Rf8+ Rg8 33. Qxg4 hxg4 34. Rf7 Rg7 35. Rf8+ Rg8 36. Rf7 Rg7 37. Rf8+ Rg8 1/2-1/2


[Site "https://www.chess.com"]

[Event "Titled Tuesday Blitz April 19 Late 2022"]
[White "Blackman, Justin"]
[Black "Jimenez Fernandez, Rebeca"]
[WhiteFideId "11100516"]
[BlackFideId "32070934"]
[WhiteElo "2112"]
[BlackElo "1853"]
[Result "1-0"]
[Round "11"]
[TimeControl "180+1"]
[Date "2022.04.19"]
[WhiteClock "0:01:03"]
[BlackClock "0:00:03"]

1. e4 g6 2. Nc3 Bg7 3. Bc4 d6 4. d3 Nf6 5. h4 h5 6. Nh3 O-O 7. Ng5 a6 8. Qe2 b5 9. Bb3 Bb7 10. f3 c5 11. g4 Nc6 12. Be3 Nd4 13. Bxd4 cxd4 14. Nd1 d5 15. e5 hxg4 16. exf6 exf6 17. Nf2 fxg5 18. O-O-O gxf3 19. Qxf3 gxh4 20. Rdg1 Qe7 21. Kb1 Rae8 22. Ng4 Qe2 23. Qh3 g5 24. Nh2 Bc8 25. Qg2 Qxg2 26. Rxg2 Re5 27. Nf3 Rf5 28. Nxg5 Re8 29. a3 f6 30. Nh3 Kf7 31. Rhg1 Bh6 32. Rg6 Bg5 33. Nxg5+ fxg5 34. R6xg5 Rxg5 35. Rxg5 Rh8 36. Bxd5+ Be6 37. Be4 h3 38. Rg1 h2 39. Rh1 Kf6 40. Kc1 Ke5 41. Kd2 Kf4 42. c3 dxc3+ 43. Kxc3 Kg3 44. Kb4 Bg4 45. Ka5 Bf3 46. Bxf3 Kxf3 47. Kxa6 Rh5 48. b4 Kg2 49. Rxh2+ Kxh2 50. Ka5 Kg3 51. a4 bxa4+ 52. Kxa4 Kf3 53. b5 Ke3 54. b6 Kxd3 55. b7 Rh8 56. Kb5 Kd4 57. Kc6 Ke5 58. Kc7 Rh7+ 59. Kb6 Rh8 60. Ka7 Rh7 61. Ka8 1-0


[Site "https://www.chess.com"]

[Event "Titled Tuesday Blitz April 19 Late 2022"]
[White "Bongo Akanga Ndjila, Barthelemy"]
[Black "Stanisz, Patryk"]
[WhiteFideId "10609431"]
[BlackFideId "1123106"]
[WhiteElo "1768"]
[BlackElo "1833"]
[Result "1-0"]
[Round "11"]
[TimeControl "180+1"]
[Date "2022.04.19"]
[WhiteClock "0:00:54"]
[BlackClock "0:00:01"]

1. d4 Nf6 2. c4 e6 3. Nc3 Bb4 4. a3 Bxc3+ 5. bxc3 O-O 6. f3 c5 7. e4 d5 8. e5 Nfd7 9. cxd5 exd5 10. Bd3 Nc6 11. Ne2 Qh4+ 12. g3 Qh3 13. Nf4 Qh6 14. Nxd5 Qh3 15. Nf4 Qh6 16. Ng6 Qh3 17. Nxf8 Nxf8 18. Bf1 Qe6 19. Bg2 cxd4 20. cxd4 Qc4 21. Be3 Bf5 22. Rc1 Qa6 23. Kf2 Rd8 24. f4 Qxa3 25. d5 Nb4 26. Re1 Nd3+ 27. Kg1 Nxe1 28. Qxe1 Nd7 29. Bd4 Nb6 30. Bc5 Qa6 31. e6 fxe6 32. dxe6 Re8 33. e7 Na4 34. Bd5+ Kh8 35. Bf7 Nxc5 36. Bxe8 Nd3 37. Qd1 Qb6+ 38. Kg2 Be4+ 39. Kh3 Qh6+ 40. Bh5 1-0


[Site "https://www.chess.com"]